 Dungeon Crawl Stone Soup version 0.24-a0-282-g1a68c91 (webtiles) character file.

Game seed: 18005699132540257112

403 Hylith the Skirmisher (level 6, 0/52 HPs)
             Began as a Draconian Transmuter on May 3, 2019.
             Slain by an orc wizard
             ... wielding a +0 dagger
              (2 damage)
             ... on level 4 of the Dungeon.
             The game lasted 00:05:57 (4329 turns).

Hylith the Skirmisher (Draconian Transmuter)        Turns: 4329, Time: 00:05:58

Health: 0/52       AC:  2    Str: 12    XL:     6   Next: 55%
Magic:  12/12      EV: 19    Int: 16    God:
Gold:   101        SH:  0    Dex: 16    Spells: 7/13 levels left

rFire    . . .     SeeInvis .     - Unarmed
rCold    . . .     Gourm    .   (shield currently unavailable)
rNeg     . . .     Faith    .   (armour unavailable)
rPois    x         Spirit   .   (helmet currently unavailable)
rElec    .         Reflect  .   (cloak currently unavailable)
rCorr    .         Harm     .   (gloves currently unavailable)
MR       .....                  (boots currently unavailable)
Stlth    +.........             (no amulet)
HPRegen  0.17/turn              (no ring)
MPRegen  0.13/turn              (no ring)

@: spider-form, flying
A: tiny, unfitting armour, AC +6
a: End Transformation


You were on level 4 of the Dungeon.
You were not hungry.
You were a venomous arachnid creature.
You visited 1 branch of the dungeon, and saw 4 of its levels.
You also visited: Sewer.

You collected 101 gold pieces.

Inventory:

Missiles
 a - 31 arrows
Jewellery
 h - an uncursed ring of flight {unknown}
Wands
 k - a wand of paralysis (8)
Scrolls
 b - a scroll of magic mapping {unknown}
 d - 3 scrolls of identify {unknown}
 e - a scroll of blinking {unknown}
 f - a scroll of teleportation {unknown}
 j - a scroll of enchant weapon {unknown}
 n - a scroll of immolation {unknown}
 r - a scroll of remove curse {unknown}
Potions
 g - 2 potions of magic
 i - 3 potions of flight
 l - a potion of curing {unknown}
 m - a potion of heal wounds {unknown}
 o - 2 potions of degeneration {unknown}
 q - a potion of resistance {unknown}
Comestibles
 c - 6 rations
 p - 2 chunks of flesh


   Skills:
 + Level 4.2 Fighting
 - Level 2.0 Dodging
 - Level 3.0 Unarmed Combat
 + Level 4.0 Spellcasting
 + Level 4.2 Transmutations


You had 7 spell levels left.
You knew the following spells:

 Your Spells              Type           Power        Failure   Level  Hunger
a - Beastly Appendage     Tmut           ###...       11%         1    None
b - Sticks to Snakes      Tmut           ###.....     13%         2    ##.....
c - Spider Form           Tmut/Pois      ##........   43%         3    ###....

Your spell library contained the following spells:

 Spells                   Type           Power        Failure   Level  Hunger
 Ice Form                 Ice/Tmut       ##......     77%         4    ####...
 Blade Hands              Tmut           ###.......   82%         5    ######.


Dungeon Overview and Level Annotations

Branches:
Dungeon (4/15)
 Temple: D:4-7

Altars:
Ashenzari
Dithmenos
Hepliaklqana
Nemelex Xobeh
Yredelemnul
Zin


Innate Abilities, Weirdness & Mutations

((Your plain brown scales are hard. (AC +6)))
You cannot fit into any form of body armour.
((You are cold-blooded and may be slowed by cold attacks.))


Message History

The orc wizard is severely wounded.
The orc hits you with a +0 war axe. The orc wizard closely misses you.
You hear some strange, mumbled words.
A magic dart appears from out of thin air!
The magic dart hits you!
* * * LOW HITPOINT WARNING * * *
You closely miss the orc wizard.
The orc wizard is almost dead.
You kill the orc wizard!
Something hits you.
* * * LOW HITPOINT WARNING * * *
The orc hits you with a +0 war axe.
* * * LOW HITPOINT WARNING * * *
It was a potion of flight.
You feel very buoyant.
You fly up into the air.
Something hits you.
* * * LOW HITPOINT WARNING * * *
It was a potion of magic.
Magic courses through your body. The orc closely misses you.
Something hits you.
You die...

... .. ..#
..#
###...###
##.#.....#
#.o{......
#)s)#
#####


You could see an orc.

Vanquished Creatures
  A big kobold (Sewer)
  A quasit (D:3)
  An orc wizard (D:4)
  Jessica (D:2)
  Robin (D:2)
  3 river rats
  7 adders
  2 oozes
  4 worms
  8 dart slugs
  4 leopard geckos
  An orc (D:4)
  A ball python (D:3)
  9 giant cockroaches
  7 hobgoblins
  6 jackals
  11 kobolds
  2 quokkas (D:2)
  7 bats
  9 frilled lizards
  14 goblins
  13 rats
113 creatures vanquished.

Notes
Turn   | Place    | Note
-------+----------+-------------------------------------------
     0 | D:1      | Hylith the Draconian Transmuter began the quest for the
                  | Orb.
     0 | D:1      | Reached XP level 1. HP: 16/16 MP: 3/3
   243 | D:1      | Reached XP level 2. HP: 21/23 MP: 5/5
   799 | D:1      | Reached XP level 3. HP: 7/29 MP: 6/6
  1023 | D:1      | Learned a level 2 spell: Sticks to Snakes
  1027 | D:1      | Learned a level 3 spell: Spider Form
  1525 | D:2      | Found a hazy altar of Hepliaklqana.
  1815 | D:2      | Reached XP level 4. HP: 22/37 MP: 8/8
  2150 | D:2      | Found a glowing silver altar of Zin.
  2290 | D:2      | Noticed Robin
  2313 | D:2      | Killed Robin
  2750 | D:2      | Noticed Jessica
  2769 | D:2      | Killed Jessica
  2769 | D:2      | Reached XP level 5. HP: 44/45 MP: 5/9
  2839 | D:2      | Found a sparkling altar of Nemelex Xobeh.
  3312 | D:3      | Found a shattered altar of Ashenzari.
  3313 | D:3      | Found a shadowy altar of Dithmenos.
  3314 | D:3      | Found a basalt altar of Yredelemnul.
  3569 | D:3      | Found a glowing drain.
  3593 | Sewer    | Entered a sewer
  3604 | Sewer    | Reached XP level 6. HP: 18/52 MP: 8/11
  3891 | Sewer    | Found a white marble altar of Elyvilon.
  4328 | D:4      | HP: 1/52 [something (3)]
  4329 | D:4      | Slain by an orc wizard

Levels and vault maps discovered:
D:1:      minmay_arrival_up_and_down, layout_basic
D:2:      layout_basic, lemuel_crystal_altar, lemuel_doored_altar,
          nemelex_spade_bored_becter, uniq_jessica, uniq_robin
D:3:      layout_basic, chequers_temple_overflow_statue_of_worship,
          gup_sewer_entry_bubbles
D:4:      layout_cave_pools, minmay_temple_entry_drinking_statues

Skill      XL: |  1  2  3  4  5  6 |
---------------+-------------------+-----
Dodging        | 2 |  2.0
Fighting       | 2 3 4 |  4.2
Transmutations | 3 4 |  4.2
Spellcasting   | 3 4 |  4.0
Unarmed Combat | |  3.0

Action                   |  1- 3 |  4- 6 || total
-------------------------+-------+-------++-------
Melee: Unarmed           |   222 |   288 ||   510
       Tailslap          |    11 |    16 ||    27
       Punch             |     3 |     1 ||     4
       Headbutt          |     1 |       ||     1
 Cast: Beastly Appendage |     2 |     1 ||     3
       Spider Form       |     1 |    11 ||    12
  Use: Potion            |       |     2 ||     2
 Stab: Sleeping          |       |     1 ||     1
  Eat: Chunk             |     3 |    10 ||    13
Armor: Skin              |    75 |    45 ||   120
Dodge: Dodged            |   177 |   208 ||   385

Table legend:
 A = Non-vault XP
 B = Vault XP
 C = Vault XP percentage of total XP
 D = Non-vault monster count
 E = Vault monster count
 F = Vault count percentage of total count
                 A         B        C        D         E       F
            +---------+---------+-------+---------+---------+-------
      Total |     354 |     223 |  38.6 |      91 |      22 |  19.5
            +---------+---------+-------+---------+---------+-------
        D:1 |      70 |       0 |   0.0 |      36 |       0 |   0.0
        D:2 |      96 |      65 |  40.4 |      23 |       9 |  28.1
        D:3 |     145 |      38 |  20.8 |      30 |       5 |  14.3
        D:4 |      43 |       0 |   0.0 |       2 |       0 |   0.0
      Sewer |       0 |     120 | 100.0 |       0 |       8 | 100.0
            +---------+---------+-------+---------+---------+-------
